 Dungeon Crawl Stone Soup version 0.28-a0-991-g956f0ee3d5 (webtiles) character file.

Game seed: 5059273783211470719

3713 BinkBink the Cleaver (level 10, -6/88 HPs)
             Began as a Hill Orc Fighter on Dec 5, 2021.
             Was an Initiate of Gozag.
             Killed from afar by Erica (20 damage)
             ... with a bolt of poison
             ... on level 8 of the Dungeon.
             The game lasted 00:16:36 (10837 turns).

BinkBink the Cleaver (Hill Orc Fighter)            Turns: 10837, Time: 00:16:38

Health: -6/88      AC: 15    Str: 24    XL:     10   Next: 14%
Magic:  10/10      EV: 11    Int:  8    God:    Gozag
Gold:   1532       SH:  5    Dex: 10    Spells: 9/9 levels left

rFire   . . .      SeeInvis +   a - +0 war axe
rCold   + . .      Faith    .   c - +0 buckler
rNeg    + . .      Spirit   .   u - +5 scale mail of Intercession {Contam rElec rN+ SInv}
rPois   .          Reflect  .   (no helmet)
rElec   +          Harm     .   (no cloak)
rCorr   .          Rampage  .   p - +1 pair of gloves
Will    .....                   (no boots)
Stlth   ..........              (no amulet)
HPRegen 0.24/turn               E - ring of protection from cold
MPRegen 0.12/turn               (no ring)

@: lethally poisoned (-6 -> -21), hasted, very quick
A: no striking features
a: Renounce Religion, Potion Petition, Call Merchant, Bribe Branch


You were on level 8 of the Dungeon.
You worshipped Gozag.
Gozag was most pleased with you.
You visited 1 branch of the dungeon, and saw 8 of its levels.
You also visited: Sewer and Ossuary.

You collected 1532 gold pieces.

Inventory:

Hand Weapons
 a - a +0 war axe (weapon)
Armour
 c - a +0 buckler (worn)
 p - a +1 pair of gloves (worn)
 u - the +5 scale mail of Intercession (worn) {Contam rElec rN+ SInv}
   (You found it on level 6 of the Dungeon)

   rElec:     It insulates you from electricity.
   rN:        It protects you from negative energy.
   SInv:      It lets you see invisible.
   Contam:    It causes magical contamination when unequipped.
Jewellery
 D - a ring of magical power
 E - a ring of protection from cold (left hand)
Wands
 s - a wand of acid (26)
 B - a wand of flame (15)
Scrolls
 f - a scroll of fog {unknown}
 g - 4 scrolls of teleportation
 h - 3 scrolls of blinking
 k - 2 scrolls of holy word {unknown}
 n - a scroll of magic mapping {unknown}
 o - a scroll of summoning {unknown}
 q - a scroll of vulnerability {unknown}
 r - 2 scrolls of amnesia {unknown}
 w - 4 scrolls of fear
 y - a scroll of acquirement {unknown}
 C - a scroll of brand weapon {unknown}
 F - 3 scrolls of enchant weapon {unknown}
Potions
 b - 2 potions of heal wounds
 d - 3 potions of might
 e - 2 potions of flight
 j - a potion of experience {unknown}
 l - 3 potions of haste
 m - 3 potions of degeneration
 t - a potion of berserk rage {unknown}
 v - 4 potions of mutation {unknown}
 x - a potion of invisibility {unknown}
 z - 3 potions of cancellation {unknown}
 A - 2 potions of resistance {unknown}
 G - a potion of brilliance {unknown}


   Skills:
 + Level 7.7 Fighting
 + Level 12.3 Axes
 + Level 7.9 Armour
 - Level 3.0 Dodging
 - Level 1.1 Stealth
 + Level 6.2 Shields


You had 9 spell levels left.
You didn't know any spells.
Your spell library contained the following spells:

 Spells                   Type           Power      Damage    Failure   Level
 Animate Skeleton         Necr           0%         N/A       67%         1
 Apportation              Tloc           0%         N/A       67%         1
 Summon Small Mammal      Summ           0%         N/A       67%         1
 Corpse Rot               Necr/Air       0%         N/A       82%         2
 Ensorcelled Hibernation  Hex/Ice        0%         N/A       82%         2
 Poisonous Vapours        Pois/Air       0%         N/A       82%         2
 Conjure Flame            Conj/Fire      0%         6-21      96%         3
 Dazzling Flash           Conj/Hex       0%         N/A       96%         3
 Gell's Gravitas          Tloc           0%         N/A       96%         3
 Ignite Poison            Fire/Tmut/Pois 0%         N/A       96%         3
 Spider Form              Tmut/Pois      0%         N/A       96%         3
 Teleport Other           Tloc           0%         N/A       96%         3
 Sticky Flame             Conj/Fire      0%         2d3       100%        4
 Agony                    Necr           0%         N/A       100%        5
 Silence                  Hex/Air        0%         N/A       100%        5
 Dispersal                Tloc           0%         N/A       100%        6


Dungeon Overview and Level Annotations

Branches:
Dungeon (8/15)             Temple (0/1) D:7           Sewer (visited)
Ossuary (visited)
   Lair: D:8-11

Altars:
Gozag
Makhleb
Wu Jian
Xom
The Shining One
Beogh

Shops:
D:4 (

Annotations:
D:8 Erica


Message History

The bolt of poison misses you.
You barely miss Erica.
Erica is almost dead.
Erica gestures at you while chanting. The bolt of poison hits you!
You are poisoned.
* * * LOW HITPOINT WARNING * * *
You feel much better.
You feel very sick.
Erica hits you with a +0 scimitar of flaming!
* * * LOW HITPOINT WARNING * * *
Erica burns you.
* * * LOW HITPOINT WARNING * * *
Erica casts a spell.
Erica flickers and vanishes for a moment.
You feel better. Erica gestures at you while chanting.
You resist with significant effort.
You slash Erica!
Erica is almost dead.
Erica casts a spell at you. You resist with significant effort.
Erica gestures at you while chanting. You resist with significant effort.
You barely miss Erica.
Erica is almost dead.
Erica closely misses you.
You barely miss Erica.
Erica is almost dead.
Erica hits you with a +0 scimitar of flaming.
* * * LOW HITPOINT WARNING * * *
Erica burns you.
* * * LOW HITPOINT WARNING * * *
You feel yourself speed up.
You feel yourself speed up.
Erica points at you and mumbles some strange words.
The bolt of poison hits you!!
You are lethally poisoned!
You die...
Your body crumbles into a pile of gold.

#..# . #..#.
######..#.
........ #.....#
#.....#
#.....###.#
#...@.....#
#...@.#####.#
#####.......#
.#######<########.
..................
.........#########
#.########


You could see Erica (invisible).

Vanquished Creatures
  A two-headed ogre (D:6)
  Maggie (D:7)
  Menkaure (D:7)
  Duvessa (D:7)
  A sky beast (D:6)
  2 black bears
  3 necrophages
  2 ogres (D:5)
  3 centaurs
  A phantom (D:5)
  3 bullfrogs (D:7)
  A kobold brigand (Sewer)
  A gnoll sergeant (D:7)
  A wyvern zombie (D:6)
  3 scorpions
  Dowan (D:7)
  2 howler monkeys (D:7)
  4 centaur zombies
  A centaur skeleton (D:5)
  4 hounds
  A gnoll shaman (D:7)
  4 orc priests
  3 iguanas
  2 orc wizards
  4 mummies (Ossuary)
  12 gnolls
  9 adders
  An adder skeleton (D:4)
  3 worms
  The ghost of paps the Sneak, a weakling OpDe (D:5)
  4 dart slugs
  31 orcs
  10 ball pythons
  8 endoplasms
  5 giant cockroaches
  8 goblins
  6 hobgoblins
  4 jackals (D:1)
  3 quokkas
  5 bats
  5 frilled lizards
  8 hobgoblin zombies (Ossuary)
  20 kobolds
  10 rats
204 creatures vanquished.

Vanquished Creatures (others)
  14 fungi
  31 plants
45 creatures vanquished.

Grand Total: 249 creatures vanquished

Notes
Turn   | Place    | Note
-------+----------+-------------------------------------------
     0 | D:1      | BinkBink the Hill Orc Fighter began the quest for the Orb.
     0 | D:1      | Reached XP level 1. HP: 19/19 MP: 1/1
    54 | D:1      | Reached XP level 2. HP: 23/27 MP: 2/2
   243 | D:1      | Found a faded altar of an unknown god.
   261 | D:1      | Prayed at the altar of an unknown god.
   261 | D:1      | Became a worshipper of Gozag Ym Sagoz the Greedy
   533 | D:1      | Reached skill level 3 in Axes
   533 | D:1      | Reached XP level 3. HP: 25/33 MP: 3/3
  1276 | D:2      | Reached XP level 4. HP: 32/40 MP: 4/4
  1994 | D:3      | Reached skill level 4 in Axes
  2463 | D:3      | Reached XP level 5. HP: 45/46 MP: 5/5
  3273 | D:4      | Reached skill level 5 in Axes
  3273 | D:4      | Reached XP level 6. HP: 30/53 MP: 6/6
  3570 | D:4      | Found Cylovume's Weapon Shop.
  3963 | D:4      | Noticed a necrophage
  3976 | D:4      | Killed a necrophage
  4109 | D:4      | Reached skill level 6 in Axes
  4140 | D:5      | Entered Level 5 of the Dungeon
  4146 | D:5      | Identified the +0 ring mail of Lilacs {Rampage}
  4155 | D:5      | Reached skill level 5 in Fighting
  4155 | D:5      | Reached skill level 5 in Armour
  4155 | D:5      | Reached skill level 1 in Dodging
  4155 | D:5      | Reached XP level 7. HP: 49/61 MP: 7/7
  4608 | D:5      | HP: 1/61 [ogre (29)]
  4963 | D:5      | Reached skill level 7 in Axes
  5168 | D:5      | Reached XP level 8. HP: 40/70 MP: 8/8
  5530 | D:5      | Reached skill level 8 in Axes
  5801 | D:5      | Found a runed translucent gate.
  5801 | D:5      | Noticed paps's ghost (weakling OpDe)
  5802 | D:5      | Found a runed translucent gate.
  5803 | D:5      | Found a runed translucent gate.
  6087 | D:5      | Found a roughly hewn altar of Beogh.
  6125 | D:5      | Killed paps's ghost
  6347 | D:6      | Reached skill level 5 in Shields
  6358 | D:6      | Identified the +5 scale mail of Intercession {Contam rElec
                  | rN+ SInv}
  6397 | D:6      | Noticed a two-headed ogre
  6577 | D:6      | Reached skill level 9 in Axes
  6699 | D:6      | Found a glowing drain.
  6703 | Sewer    | Entered a sewer
  7449 | D:6      | Reached XP level 9. HP: 46/78 MP: 9/9
  7601 | D:6      | Killed a two-headed ogre
  7602 | D:6      | Reached skill level 10 in Axes
  8105 | D:7      | Reached skill level 11 in Axes
  8106 | D:7      | Found a burning altar of Makhleb.
  8121 | D:7      | Found a sand-covered staircase.
  8126 | Ossuary  | Entered an ossuary
  8532 | D:7      | Noticed Menkaure
  8554 | D:7      | Killed Menkaure
  8570 | D:7      | Noticed Duvessa
  8571 | D:7      | Noticed Dowan
  8590 | D:7      | Killed Duvessa
  8599 | D:7      | Killed Dowan
  9005 | D:7      | Reached skill level 12 in Axes
  9140 | D:7      | Reached XP level 10. HP: 74/86 MP: 10/10
  9297 | D:7      | Found a staircase to the Ecumenical Temple.
  9812 | D:7      | Reached skill level 1 in Stealth
  9946 | D:7      | Noticed Maggie
  9964 | D:7      | Killed Maggie
 10342 | D:7      | Found a shimmering altar of Xom.
 10348 | D:7      | Found an ornate altar of the Wu Jian Council.
 10353 | D:7      | Found a glowing golden altar of the Shining One.
 10718 | D:8      | Noticed Erica
 10837 | D:8      | Killed from afar by Erica

Illustrated notes

Levels and vault maps discovered:
D:1:      minmay_arrival_glassed_features, layout_basic,
          ebering_ecumenical_altar_mist, serial_glass, glass_columns_a,
          glass_columns_a, glass_columns_b, glass_columns_c, glass_columns_a,
          glass_columns_a, glass_columns_b, glass_columns_a, glass_columns_a,
          glass_columns_a, minmay_strange_pillars
D:2:      layout_loops_ring, kennysheep_path_1
D:3:      layout_loops_ring, serial_bayou, serial_bayou_shore_a,
          serial_bayou_pond_e, serial_bayou_ford_a, serial_bayou_lake_a,
          serial_bayou_pond_c, grunt_ministairs_9
D:4:      layout_loops_ring, serial_shops, nicolae_shop_bloodbath_and_beyond,
          minmay_quantized
D:5:      layout_loops_cross, biasface_ghost_orc_armoury, serial_aquarium,
          aquarium_bridge_long_separate [aquarium_subvault_balcony,
          aquarium_subvault_bridge, aquarium_subvault_bridge,
          aquarium_subvault_wall, aquarium_subvault_bridge,
          aquarium_subvault_wall], aquarium_bridge_square
          [aquarium_subvault_wall, aquarium_subvault_bridge,
          aquarium_subvault_bridge, aquarium_subvault_window],
          aquarium_window_fake, aquarium_window_fake, aquarium_window_fake,
          aquarium_view_2c, aquarium_balcony_double_4
D:6:      layout_basic, gup_sewer_entry_bowl
D:7:      layout_layer_cave, overflow_temple_1_default, minitemple,
          minmay_temple_entry_slanted, enter_ossuary_5, uniq_maggie,
          uniq_menkaure, uniq_duvessa
D:8:      layout_basic, kennysheep_mini, mainiacjoe_overflow_large_starburst,
          uniq_erica

Skill      XL: |  1  2  3  4  5  6  7  8  9 10 |
---------------+-------------------------------+-----
Fighting       | 4 5 6 7 |  7.7
Axes           | 3 4 5 6 7 9 12 | 12.3
Armour         | 4 5 6 7 |  7.9
Shields        | 4 5 6 |  6.2
Dodging        | 1 2 3 |  3.0
Stealth        | 1 |  1.1

Action                   |  1- 3 |  4- 6 |  7- 9 | 10-12 || total
-------------------------+-------+-------+-------+-------++-------
Melee: War axe           |    85 |   182 |   406 |    63 ||   736
Evoke: Wand              |       |       |     1 |       ||     1
  Use: Potion            |       |     2 |     1 |     6 ||     9
       Scroll            |       |       |     4 |     1 ||     5
 Stab: Distracted        |       |       |     1 |       ||     1
Armor: Scale mail        |    45 |    64 |   159 |    29 ||   297
Dodge: Dodged            |    38 |    80 |   184 |    38 ||   340
Block: Buckler           |    17 |    26 |    89 |    12 ||   144

Table legend: (Time is in decaauts)
 A = Elapsed time spent in this place.
 B = Non-inter-level travel time spent in this place.
 C = Inter-level travel time spent in this place.
 D = Time resting spent in this place.
 E = Time spent auto-exploring this place.
 F = Levels seen in this place.
 G = Mean time per level.
                   A        B        C        D        E       F      G
               +--------+--------+--------+--------+--------+-----+--------+
         Total |  11013 |  10603 |    410 |      0 |   8612 |  10 | 1101.3 |
       Dungeon |  10412 |  10002 |    410 |      0 |   8231 |   8 | 1301.5 |
         Sewer |    389 |    389 |      0 |      0 |    262 |   1 |  389.0 |
       Ossuary |    211 |    211 |      0 |      0 |    118 |   1 |  211.0 |
               +--------+--------+--------+--------+--------+-----+--------+

Top non-repeatable levels by time:
     D:7: 2018 daAuts
     D:4: 1790 daAuts
     D:6: 1764 daAuts
     D:5: 1631 daAuts
     D:3: 1190 daAuts
     D:2: 1078 daAuts
     D:1: 903 daAuts
   Sewer: 389 daAuts
 Ossuary: 211 daAuts
     D:8: 34 daAuts
